 Dungeon Crawl Stone Soup version 0.20.1-1-g8b1a95d (webtiles) character file.

176 QuCean the Covered (level 5, -7/46 HPs)
             Began as a Minotaur Fighter on Oct 11, 2017.
             Mangled by a killer bee (8 damage)
             ... on level 7 of the Dungeon.
             The game lasted 00:12:49 (3557 turns).

QuCean the Covered (Minotaur Fighter)               Turns: 3557, Time: 00:12:51

Health: -7/46      AC:  7    Str: 22    XL:     5   Next: 30%
Magic:  4/4        EV:  6    Int:  5    God:
Gold:   107        SH: 14    Dex:  9    Spells: 4/4 levels left

rFire    . . .     SeeInvis .   a - +0 war axe
rCold    . . .     Gourm    .   e - +0 large shield
rNeg     . . .     Faith    .   b - +0 scale mail
rPois    .         Spirit   .   (helmet restricted)
rElec    .         Reflect  .   (no cloak)
rCorr    .         Harm     .   (no gloves)
MR       .....                  (no boots)
Stlth    ..........             (no amulet)
Regen    0.2/turn               (no ring)
MPRegen  0.1/turn               (no ring)

@: lethally poisoned (-7 -> -11)
A: retaliatory headbutt, horns 2
a: no special abilities


You were on level 7 of the Dungeon.
You were not hungry.

You visited 1 branch of the dungeon, and saw 5 of its levels.

You collected 107 gold pieces.

Inventory:

Hand Weapons
 a - a +0 war axe (weapon)
Armour
 b - a +0 scale mail (worn)
 c - a +0 shield
 e - a +0 large shield (worn)
Scrolls
 i - a scroll of magic mapping {unknown}
 m - a scroll of fog {unknown}
 p - a scroll of remove curse
Potions
 d - 2 potions of might
 f - a potion of invisibility {unknown}
 j - a potion of degeneration {unknown}
 l - a potion of flight {unknown}
Comestibles
 g - 2 meat rations
 h - 2 chunks of flesh
 k - 4 fruits


   Skills:
 + Level 4.2 Fighting
 + Level 4.1 Axes
 + Level 4.9 Armour
 + Level 0.7 Dodging
 + Level 0.5 Stealth
 + Level 4.6 Shields


You had 4 spell levels left.
You didn't know any spells.

Dungeon Overview and Level Annotations

Branches:
Dungeon (4/15)
 Temple: D:4-7

Altars:


Innate Abilities, Weirdness & Mutations

You reflexively headbutt those who attack you in melee.
You have a pair of horns on your head.


Message History

You feel better. You block the killer bee's attack. x2
The killer bee stings you but does no damage.
The killer bee stings you.
* * * LOW HITPOINT WARNING * * *
The killer bee barely misses you. You block the adder's attack.
You block the killer bee's attack. The killer bee stings you.
* * * LOW HITPOINT WARNING * * *
The killer bee stings you.
* * * LOW HITPOINT WARNING * * *
You are lethally poisoned!
The killer bee poisons you! You block the adder's attack.
There is a stone staircase leading up here.
* * * LOW HITPOINT WARNING * * *
You feel sick.
The killer bee stings you but does no damage.
You block the killer bee's attack.
The killer bee stings you but does no damage.
You block the killer bee's attack. x2; The adder closely misses you.
You furiously retaliate!
You headbutt the adder. The killer bee stings you!
You die...

######.#.#...##............#.....
.........+.........(.....(.......
.#.......#...##.##...............
.................#....#####.#####
.y...............#.....# #.#
.y.......#####..O#.....####(##
.........# #(ry#..........(#
########.#####cyyy...........#
#..........#.y@S.#.#.......####
#..........#.#y..#.#...........
##..........#.#.#........#'#####
#...........#+#.#...##........#
##...............##..###.......#
.................. ..# #.......#
.................. #.# #.##'####
.......#.#####.... ..... #.#
.......#.# #.## #(#


You could see an ogre, a centaur, 6 killer bees, an adder and a quokka.

Vanquished Creatures
  2 orc wizards (D:3)
  2 gnolls
  2 adders (D:2)
  A dart slug (D:3)
  2 worms
  2 leopard geckos
  13 orcs
  7 bats
  3 giant cockroaches
  5 goblins
  5 hobgoblins
  3 jackals
  8 kobolds
  A quokka (D:3)
  2 frilled lizards
  8 rats
66 creatures vanquished.

Notes
Turn   | Place    | Note
-------+----------+-------------------------------------------
     0 | D:1      | QuCean the Minotaur Fighter began the quest for the Orb.
     0 | D:1      | Reached XP level 1. HP: 19/19 MP: 0/0
   560 | D:1      | Reached XP level 2. HP: 24/27 MP: 1/1
  1048 | D:1      | Reached XP level 3. HP: 30/33 MP: 2/2
  2315 | D:2      | Reached XP level 4. HP: 38/40 MP: 3/3
  2702 | D:3      | Reached XP level 5. HP: 32/46 MP: 4/4
  3472 | D:4      | You fall through a shaft for 3 floors!
  3511 | D:7      | Noticed a slave
  3512 | D:7      | Noticed a slave
  3517 | D:7      | Noticed a centaur
  3517 | D:7      | Noticed an ogre
  3553 | D:7      | HP: 2/46 [killer bee (5)]
  3557 | D:7      | Mangled by a killer bee

Skill      XL: |  1  2  3  4 |
---------------+-------------+-----
Armour         | 4 |  4.9
Fighting       | 4 |  4.2
Shields        | 4 |  4.6
Axes           | 3 4 |  4.1
Dodging        | |  0.7
Stealth        | |  0.5

Action                   |  1- 3 |  4- 6 || total
-------------------------+-------+-------++-------
Melee: War axe           |   109 |    80 ||   189
       Headbutt          |    12 |    14 ||    26
  Use: Scroll            |       |     8 ||     8
       Potion            |       |     4 ||     4
  Eat: Bread ration      |     1 |       ||     1
       Chunk             |       |     4 ||     4
Armor: Scale mail        |    37 |    50 ||    87
Dodge: Dodged            |    19 |    22 ||    41
Block: Large shield      |   100 |    87 ||   187
       Shield            |     4 |       ||     4
